 Dungeon Sprint DCSS version 0.26-a0-846-gcc8f1ee719 (webtiles) character file.

Game seed: 7360552521069099834

359 rocky1 the Frost Mage (level 6, -13/32 HPs)
             Began as a Gargoyle Ice Elementalist on Nov 20, 2020.
             Was an Elder of Sif Muna.
             Blown up by an eye of devastation (19 damage)
             ... with a bolt of energy
             ... in the Dungeon (Sprint VII: "The Pits").
             The game lasted 00:04:04 (802 turns).

rocky1 the Frost Mage (Gargoyle Ice Elementalist)    Turns: 802, Time: 00:04:04

Health: -13/32     AC: 13    Str: 12    XL:     6   Next: 65%
Magic:  5/9        EV: 12    Int: 17    God:    Sif Muna [****..]
Gold:   0          SH:  0    Dex: 10    Spells: 2/9 levels left

rFire    . . .     SeeInvis .   m - +0 flail (protect)
rCold    . . .     Faith    .   (no shield)
rNeg     + . .     Spirit   .   a - +0 robe
rPois    ∞         Reflect  .   (no helmet)
rElec    +         Harm     .   (no cloak)
rCorr    .         Rampage  .   (no gloves)
MR       .....     NoTele   +   (no boots)
Stlth    ++........             (no amulet)
HPRegen  0.10/turn              (no ring)
MPRegen  0.11/turn              (no ring)

@: protection aura
A: negative energy resistance 1, electricity resistance, unbreathing,
petrification resistance, rot immunity, AC +4
a: Channel Magic, Forget Spell, Divine Exegesis, Renounce Religion


You were in the Dungeon.
You worshipped Sif Muna.
Sif Muna was greatly pleased with you.
You visited 1 branch

Inventory:

Hand Weapons
 l - a +2 mace
 m - a +0 flail of protection (weapon)
Armour
 a - a +0 robe (worn)
Scrolls
 h - a scroll of blinking
 i - 3 scrolls of remove curse
 j - 5 scrolls of amnesia
 k - a scroll of summoning
Potions
 b - 2 potions of invisibility
 c - 6 potions of curing
 d - 6 potions of heal wounds
 e - a potion of haste
 f - 3 potions of magic
 g - 3 potions of berserk rage


   Skills:
 - Level 1.5 Dodging
 - Level 2.1 Stealth
 - Level 2.0 Spellcasting
 + Level 13.7 Ice Magic


You had 2 spell levels left.
You knew the following spells:

 Your Spells              Type           Power        Failure   Level
a - Freeze                Ice            ####         1%          1
b - Frozen Ramparts       Ice            #####.       1%          3
c - Ozocubu's Armour      Ice            #####...     1%          3

Your spell library contained the following spells:

 Spells                   Type           Power        Failure   Level
 Hailstorm                Conj/Ice       ###.....     12%         4
 Summon Ice Beast         Ice/Summ       ###.....     12%         4


Dungeon Overview and Level Annotations

Branches:
Dungeon (1/1)

Altars:
Ashenzari
Cheibriados
Dithmenos
Elyvilon
Fedhas
Gozag
Hepliaklqana
Kikubaaqudgha
Makhleb
Nemelex Xobeh
Okawaru
Qazlal
Ru
Sif Muna
Trog
Uskayaw
Vehumet
Wu Jian
Xom
Yredelemnul
Zin
The Shining One
Beogh
Jiyva
Lugonu


Innate Abilities, Weirdness & Mutations

You are resistant to torment.
Your stone body is resilient. (AC +4)
You are immune to poison.
You resist negative energy. (rN+)
You are resistant to electric shocks. (rElec)
You can survive without breathing.
You are immune to petrification.
You are immune to rotting.


Message History

You hit the eye of devastation but do no damage.
The eye of devastation is severely wounded.
You hit the eye of devastation.
The eye of devastation is almost dead.
You hit the eye of devastation but do no damage.
The eye of devastation is almost dead.
You hit the eye of devastation but do no damage.
The eye of devastation is almost dead.
The eye of devastation gazes at you. The bolt of energy hits you!!
Ouch! That really hurt!
* * * LOW HITPOINT WARNING * * *
You hit the eye of devastation.
The eye of devastation is almost dead.
You hit the eye of devastation but do no damage.
The eye of devastation is almost dead.
The eye of devastation gazes at you. The bolt of energy hits you!!
Ouch! That really hurt!
You die...

#)#..#..))[##.......#
#'###########.......#
#)))....# #########
#..#.#..# #.##.##.#
#.......#+#
#.##.##.#.+
#..#.#..#G#
#.......'@#
###########


You could see an eye of devastation.

Vanquished Creatures
  A floating eye (D)
  A wolf (D)
  A gnoll sergeant (D)
  A hound (D)
  A mummy (D)
  4 gnolls (D)
  2 river rats (D)
  An ooze (D)
  A leopard gecko (D)
  A ball python (D)
  A hobgoblin (D)
  A kobold (D)
  A quokka (D)
  A frilled lizard (D)
  A goblin (D)
19 creatures vanquished.

Notes
Turn   | Place    | Note
-------+----------+-------------------------------------------
     0 | D        | rocky1 the Gargoyle Ice Elementalist began the quest for
                  | the Orb.
     0 | D        | Reached XP level 1. HP: 10/10 MP: 3/3
    19 | D        | Found a bloodstained altar of Trog.
    19 | D        | Found a shimmering blue altar of Sif Muna.
    19 | D        | Found a viscous altar of Jiyva.
    19 | D        | Found a hazy altar of Hepliaklqana.
    19 | D        | Found an opulent altar of Gozag.
    23 | D        | Found a glowing golden altar of the Shining One.
    23 | D        | Found a glowing silver altar of Zin.
    23 | D        | Found a basalt altar of Yredelemnul.
    23 | D        | Found a shimmering altar of Xom.
    23 | D        | Found an ornate altar of the Wu Jian Council.
    23 | D        | Found a sacrificial altar of Ru.
    23 | D        | Found a stormy altar of Qazlal.
    23 | D        | Found an iron altar of Okawaru.
    23 | D        | Found a sparkling altar of Nemelex Xobeh.
    23 | D        | Found a burning altar of Makhleb.
    23 | D        | Found a blossoming altar of Fedhas.
    23 | D        | Found a white marble altar of Elyvilon.
    23 | D        | Found a shadowy altar of Dithmenos.
    23 | D        | Found a snail-covered altar of Cheibriados.
    27 | D        | Found a roughly hewn altar of Beogh.
    27 | D        | Found a corrupted altar of Lugonu.
    27 | D        | Found a radiant altar of Vehumet.
    28 | D        | Found a broken altar of Ashenzari.
    28 | D        | Found an ancient bone altar of Kikubaaqudgha.
    28 | D        | Found a hide-covered altar of Uskayaw.
    30 | D        | Became a worshipper of Sif Muna the Loreminder
    68 | D        | Reached skill level 5 in Ice Magic
    68 | D        | Reached XP level 2. HP: 15/15 MP: 0/5
    72 | D        | Reached skill level 6 in Ice Magic
   131 | D        | Reached * piety under Sif Muna
   221 | D        | Reached skill level 8 in Ice Magic
   221 | D        | Reached XP level 3. HP: 12/19 MP: 1/6
   223 | D        | Reached ** piety under Sif Muna
   226 | D        | Reached XP level 4. HP: 12/24 MP: 3/7
   420 | D        | Learned a level 3 spell: Frozen Ramparts
   424 | D        | Learned a level 3 spell: Ozocubu's Armour
   443 | D        | Noticed a floating eye
   448 | D        | Paralysed by a floating eye for 2 turns
   452 | D        | Killed a floating eye
   453 | D        | Reached skill level 11 in Ice Magic
   453 | D        | Reached XP level 5. HP: 28/28 MP: 8/8
   461 | D        | Reached *** piety under Sif Muna
   464 | D        | Reached skill level 12 in Ice Magic
   464 | D        | Reached XP level 6. HP: 22/32 MP: 2/9
   466 | D        | Reached **** piety under Sif Muna
   790 | D        | Reached skill level 13 in Ice Magic
   792 | D        | Noticed an eye of devastation
   802 | D        | Blown up by an eye of devastation

Illustrated notes

Levels and vault maps discovered:
D:        pitsprint [storerooms_1, entrance_room_1, metal_vault_6, armoury_2,
          mini_pit_1, grid_room_1, main_hall_1, silver_pit, the_coven_2,
          the_vestibule_1, steel_vault_2, golden_pit, hallway_of_sentries,
          crystal_vault_1, iron_vault_4, final_vault]

Skill      XL: |  1  2  3  4  5  6 |
---------------+-------------------+-----
Ice Magic      | 5 8 11 12 13 | 13.7
Dodging        | |  1.5
Stealth        | |  2.1
Spellcasting   | |  2.0

Action                   |  1- 3 |  4- 6 || total
-------------------------+-------+-------++-------
Melee: Mace              |     4 |       ||     4
       Flail             |       |    34 ||    34
 Cast: Freeze            |    16 |     2 ||    18
       Ozocubu's Armour  |       |     2 ||     2
       Frozen Ramparts   |       |     2 ||     2
  Use: Potion            |     1 |       ||     1
Armor: Robe              |     4 |    13 ||    17
Dodge: Dodged            |    12 |    13 ||    25

Table legend: (Time is in decaauts)
 A = Elapsed time spent in this place.
 B = Non-inter-level travel time spent in this place.
 C = Inter-level travel time spent in this place.
 D = Time resting spent in this place.
 E = Time spent auto-exploring this place.
 F = Levels seen in this place.
 G = Mean time per level.
                   A        B        C        D        E       F      G
               +--------+--------+--------+--------+--------+-----+--------+
         Total |    815 |    815 |      0 |    542 |      0 |   1 |  815.0 |
       Dungeon |    815 |    815 |      0 |    542 |      0 |   1 |  815.0 |
               +--------+--------+--------+--------+--------+-----+--------+

Top non-repeatable levels by time:
       D: 815 daAuts
